 Dungeon Crawl Stone Soup version 0.29.1-4-g47bece8355 (webtiles) character file.

Game seed: 8063100629478998296

7264 venomsnake the Fighter (level 10, 0/94 HPs)
             Began as a Minotaur Berserker on Dec 11, 2022.
             Was a High Priest of Trog.
             Slain by a vampire (10 damage)
             ... on level 9 of the Dungeon.
             The game lasted 00:31:02 (8131 turns).

venomsnake the Fighter (Minotaur Berserker)         Turns: 8131, Time: 00:31:02

Health: 0/94       AC: 16    Str: 33    XL:     10   Next: 89%
Magic:  9/9        EV:  9    Int:  4    God:    Trog [*****.]
Gold:   772        SH:  9    Dex:  9    Spells: 9/9 levels left

rFire   . . .      SeeInvis .   E - +2 war axe
rCold   . . .      Faith    .   q - +0 tower shield
rNeg    . . .      Spirit   .   f - +0 scale mail
rPois   .          Reflect  .   (helmet restricted)
rElec   .          Harm     .   t - +2 cloak
rCorr   .          Rampage  .   (no gloves)
Will    .....                   (no boots)
Stlth   ..........              j - amulet of regeneration
HPRegen 1.05/turn               r - +6 ring of strength
MPRegen 0.11/turn               M - +4 ring of protection

@: no status effects
A: horns 2, retaliatory headbutt
a: Renounce Religion, Berserk, Trog's Hand, Brothers in Arms


You were on level 9 of the Dungeon.
You worshipped Trog.
Trog was extremely pleased with you.
You visited 1 branch of the dungeon, and saw 9 of its levels.
You also visited: Ossuary.

You collected 772 gold pieces.

Inventory:

Hand Weapons
 n - a +0 hand axe of flaming
 E - a +2 war axe (weapon)
Missiles
 b - 90 stones (quivered)
 P - a throwing net
Armour
 f - a +0 scale mail (worn)
 q - a +0 tower shield (worn)
 t - a +2 cloak (worn)
Jewellery
 j - an amulet of regeneration (around neck)
 r - a +6 ring of strength (left hand)
 M - a +4 ring of protection (right hand)
Wands
 u - a wand of quicksilver (21)
 w - a wand of flame (11)
 z - a wand of digging (8)
Scrolls
 a - a scroll of vulnerability
 g - a scroll of fog {unknown}
 h - a scroll of identify
 i - 3 scrolls of enchant weapon
 k - 5 scrolls of teleportation
 m - 5 scrolls of amnesia
 p - a scroll of blinking {unknown}
 x - 3 scrolls of poison {unknown}
 y - a scroll of brand weapon {unknown}
 A - a scroll of silence {unknown}
 B - a scroll of torment {unknown}
 D - 2 scrolls of magic mapping {unknown}
 H - a scroll of immolation {unknown}
 I - a scroll of enchant armour {unknown}
 K - 2 scrolls of noise {unknown}
 N - a scroll of summoning {unknown}
Potions
 c - 2 potions of flight
 d - 2 potions of mutation
 e - 5 potions of ambrosia
 l - 2 potions of heal wounds {unknown}
 o - 3 potions of lignification
 s - 3 potions of brilliance {unknown}
 v - 2 potions of might {unknown}
 C - 3 potions of curing {unknown}
 F - 4 potions of invisibility
 J - a potion of experience {unknown}
 L - a potion of degeneration {unknown}
 O - 2 potions of cancellation {unknown}


   Skills:
 + Level 10.7 Fighting
 + Level 10.7 Axes
 + Level 10.3 Armour
 + Level 9.5 Dodging


You had 9 spell levels left.
You didn't know any spells.
Your spell library was empty.

Dungeon Overview and Level Annotations

Branches:
Dungeon (9/15)             Temple (0/1) D:7         Ossuary (visited)
   Lair: D:8-11         Orc: D:9-12

Altars:
Cheibriados
Dithmenos
Hepliaklqana
Kikubaaqudgha
Okawaru

Annotations:
D:2 1 runed translucent door, Crazy Yiuf
D:3 2 runed translucent doors
D:7 2 transporters, kingsuperguy's ghost, novice HOMo


Innate Abilities, Weirdness & Mutations

You have a pair of horns on your head.
You reflexively headbutt those who attack you in melee.


Message History

Something hits you! Something bites you but does no damage.
You hit something but do no damage. Your headbutt misses something.
Something hits you but does no damage. Something bites you but does no damage.
You hear some strange, mumbled words.
You are confused.
You bump into the rock wall.
Something hits you! Something bites you but does no damage.
You're too confused to move!
Something hits you! Something bites you.
Something draws strength from your injuries!
You closely miss something. Something hits you but does no damage.
Something bites you but does no damage.
You slash something! Something hits you but does no damage.
Something bites you but does no damage. Something hits you.
Something bites you but does no damage.
You barely miss something.
You feel less confused. Something hits you but does no damage.
Something bites you.
Something draws strength from your injuries!
You closely miss something. Your headbutt misses something.
You block something's attack. Something bites you but does no damage.
You slash something! You headbutt something.
Something hits you but does no damage. Something bites you but does no damage.
Something hits you but does no damage. You block something's attack.
You hit something but do no damage. Something hits you! Something bites you.
Something draws strength from your injuries!
You miss something. Something hits you. You block something's attack.
Something hits you but does no damage. Something bites you but does no damage.
You closely miss something. Something hits you but does no damage.
Something bites you!
Something draws strength from your injuries!
You slash something! Your headbutt misses something. Something hits you.
Something bites you.
* * * LOW HITPOINT WARNING * * *
Something draws strength from your injuries!
Something draws life force from you!
* * * LOW HITPOINT WARNING * * *
You closely miss something. Something hits you.
* * * LOW HITPOINT WARNING * * *
Something bites you!
You die...

#..# #.#
..## ##.#
.## #..#
.# #.##
.######
#.#
......#
#####'###
......#
#.......#
......#
#.......#
......#
+......@#
........
#......{#
......##
#[......#
......#
#.......#
......#
#.......#
.....<#
#.......#
#######
#.......#
#.......#
#########


There were no monsters in sight!

Vanquished Creatures
  Maurice (D:8)
  A komodo dragon (D:8)
  A troll (D:9)
  A queen bee (D:9)
  A shadow (D:9)
  6 yaks (D:9)
  3 steam dragons
  Duvessa (D:6)
  2 ice beasts
  4 sky beasts (D:7)
  4 centaurs
  2 ogres (D:7)
  2 phantoms
  2 gnoll sergeants (D:7)
  3 necrophages
  A bullfrog (D:8)
  5 scorpions
  10 wights (D:6)
  Dowan (D:6)
  29 killer bees
  3 howler monkeys
  6 hounds
  4 jellies
  2 gnoll boudas (D:7)
  3 orc priests
  Natasha (thrice) (D:4)
  2 iguanas
  7 orc wizards
  5 adders
  10 gnolls
  A shadow imp (D:7)
  A white imp (D:8)
  An ufetubus (D:5)
  A worm (D:8)
  3 dart slugs
  21 orcs
  2 bat zombies (D:7)
  14 endoplasms
  A giant cockroach (D:3)
  9 goblins
  12 hobgoblins
  2 jackals (D:2)
  5 quokkas
  4 ball pythons
  5 bats
  5 frilled lizards
  17 kobolds
  3 rats (D:1)
  A spectral goblin (D:8)
233 creatures vanquished.

Vanquished Creatures (collateral kills)
  An iguana (D:8)
1 creature vanquished.

Vanquished Creatures (others)
  3 fungi (D:2)
  27 plants
30 creatures vanquished.

Grand Total: 264 creatures vanquished

Notes
Turn   | Place    | Note
-------+----------+-------------------------------------------
     0 | D:1      | venomsnake the Minotaur Berserker began the quest for the
                  | Orb.
     0 | D:1      | Reached XP level 1. HP: 19/19 MP: 0/0
   285 | D:1      | Reached XP level 2. HP: 20/27 MP: 1/1
  1164 | D:2      | Reached XP level 3. HP: 33/33 MP: 2/2
  1536 | D:2      | Reached ** piety under Trog
  1554 | D:2      | Reached XP level 4. HP: 32/41 MP: 3/3
  1690 | D:2      | Found a faded altar of an unknown god.
  1914 | D:2      | Found a runed translucent door.
  1915 | D:2      | Noticed Crazy Yiuf
  2004 | D:3      | Found a shadowy altar of Dithmenos.
  2304 | D:3      | Reached XP level 5. HP: 46/47 MP: 4/4
  2410 | D:3      | Found a large runed translucent door.
  2411 | D:3      | Found a large runed translucent door.
  2976 | D:4      | Noticed Natasha
  2983 | D:4      | Killed Natasha
  3019 | D:4      | Noticed Natasha
  3028 | D:4      | Killed Natasha
  3029 | D:4      | Reached skill level 5 in Fighting
  3031 | D:4      | Reached skill level 5 in Axes
  3090 | D:4      | Reached XP level 6. HP: 56/56 MP: 5/5
  3139 | D:4      | Noticed Natasha
  3143 | D:4      | Killed Natasha
  3143 | D:4      | Reached *** piety under Trog
  3211 | D:4      | Reached skill level 5 in Armour
  3286 | D:4      | Reached XP level 7. HP: 62/62 MP: 6/6
  3677 | D:5      | Entered Level 5 of the Dungeon
  3865 | D:5      | Reached skill level 5 in Dodging
  4280 | D:5      | Found a sand-covered staircase.
  4294 | Ossuary  | Entered an ossuary
  4555 | D:6      | Reached XP level 8. HP: 38/68 MP: 7/7
  4642 | D:6      | Noticed Duvessa
  4655 | D:6      | Noticed Dowan
  4662 | D:6      | Killed Duvessa
  4664 | D:6      | Killed Dowan
  4672 | D:6      | HP: 3/99 [wight/+2 war axe (3)]
  5054 | D:6      | Found an iron altar of Okawaru.
  5456 | D:7      | Reached **** piety under Trog
  5470 | D:7      | Reached XP level 9. HP: 34/81 MP: 8/8
  5755 | D:7      | Found a staircase to the Ecumenical Temple.
  5813 | D:7      | Reached ***** piety under Trog
  6014 | D:7      | Found an ancient bone altar of Kikubaaqudgha.
  6250 | D:7      | Noticed kingsuperguy's ghost (novice HOMo)
  6250 | D:7      | Noticed a green ugly thing
  6273 | D:7      | Found a transporter.
  6538 | D:7      | Found a transporter.
  6855 | D:8      | Found a snail-covered altar of Cheibriados.
  7073 | D:8      | Reached XP level 10. HP: 75/91 MP: 9/9
  7124 | D:8      | Found a hazy altar of Hepliaklqana.
  7213 | D:8      | Noticed Maurice
  7291 | D:8      | Killed Maurice
  7669 | D:9      | Reached skill level 10 in Fighting
  7675 | D:9      | Reached skill level 10 in Axes
  7823 | D:9      | Reached skill level 10 in Armour
  7991 | D:9      | Received a gift from Trog
  8131 | D:9      | Slain by a vampire

Illustrated notes

Levels and vault maps discovered:
D:1:      dpeg_arrival_more_subterranean_lakeside_camping, layout_basic
D:2:      layout_basic, hellmonk_ecumenical_altar_slurped_away,
          nicolae_grassy_gnolls, uniq_crazy_yiuf_cottage
D:3:      layout_loops_corners, mainiacjoe_overflow_tiny_flanked,
          jmf_multi_god_temple2, kennysheep_nondescript
D:4:      layout_basic, uniq_natasha
D:5:      layout_basic, chequers_ossuary_entry_cave
D:6:      layout_cave_pools, mainiacjoe_overflow_chevrons, uniq_duvessa
D:7:      kennysheep_housing_project, layout_loops_ring,
          lemuel_zombie_altar_kikubaaqudgha, minmay_temple_entry_slanted,
          gammafunk_ghost_arena, hangedman_misty_isle
D:8:      layout_cave_pools, slow_altar_2,
          nicolae_hepliaklqana_monster_ancestors, enter_bailey_4,
          minmay_lizard_king, uniq_maurice
D:9:      layout_roguey [special_room_bee], serial_shops, shop

Skill      XL: |  1  2  3  4  5  6  7  8  9 10 |
---------------+-------------------------------+-----
Fighting       | 4 5 6 8 9 10 | 10.7
Axes           | 4 5 6 7 9 10 | 10.7
Armour         | 3 4 5 6 7 9 10 | 10.3
Dodging        | 3 4 5 6 8 9 |  9.5

Action                   |  1- 3 |  4- 6 |  7- 9 | 10-12 || total
-------------------------+-------+-------+-------+-------++-------
Melee: Hand axe          |    78 |   100 |   113 |       ||   291
       Headbutt          |     7 |    16 |    52 |    23 ||    98
       Punch             |     1 |     1 |       |       ||     2
       War axe           |       |       |   164 |   150 ||   314
Invok: Berserk           |     1 |       |     1 |       ||     2
       Brothers in Arms  |       |       |       |     1 ||     1
  Use: Scroll            |       |     4 |     3 |     2 ||     9
Armor: Ring mail         |    13 |       |       |       ||    13
       Animal skin       |     3 |       |       |       ||     3
       Scale mail        |    18 |    46 |   190 |   205 ||   459
Dodge: Dodged            |    51 |    58 |   126 |   124 ||   359
Block: Tower shield      |       |    21 |   166 |   138 ||   325
